 Dungeon Crawl Stone Soup version 0.30-a0-881-g1ff12e1e11 (webtiles) character file.

Game seed: 14252389124554094827

2972 Newt the Scholar of Death (level 9, 0/65 HPs)
             Began as a Demonspawn Gladiator on Mar 14, 2023.
             Was a Follower of Kikubaaqudgha.
             Slain by a wyvern zombie (5 damage)
             ... on level 6 of the Dungeon.
             The game lasted 00:06:50 (6045 turns).

Newt the Scholar of Death (Demonspawn Gladiator)    Turns: 6045, Time: 00:06:50

Health: 0/65       AC: 14    Str: 18    XL:     9   Next: 53%
Magic:  16/16      EV: 10    Int: 10    God:    Kikubaaqudgha [*.....]
Gold:   269        SH:  0    Dex: 15    Spells: 13/18 levels left

rFire   + . .      SeeInvis .    D - +2 trident (pain)
rCold   . . .      Faith    .    (no shield)
rNeg    . . .      Spirit   .    e - +3 scale mail {rF+}
rPois   .          Reflect  .    (helmet restricted)
rElec   .          Rampage  .    s - +0 cloak
rCorr   .                        h - +0 pair of gloves
Will    .....                    (no boots) Stlth
                                 l - amulet of magic regeneration
HPRegen 0.30/turn                v - ring of wizardry
MPRegen 0.55/turn                (no ring)

@: animating dead
A: antennae 2, slimy green scales 2, demonic guardian 2, foul stench 1, hooves 1
a: Renounce Religion, Unearth Wretches


You were on level 6 of the Dungeon.
You worshipped Kikubaaqudgha.
Kikubaaqudgha was aware of your devotion.
You visited 2 branches of the dungeon, and saw 7 of its levels.
You also visited: Sewer.

You collected 339 gold pieces.
You spent 70 gold pieces at shops.

Inventory:

Hand Weapons
 a - a +0 rapier
 g - the +5 rapier of Okawaru's Benevolence {chaos, Dex+4}
   (You found it on level 3 of the Dungeon)

   Dex:       It affects your dexterity (+4).
 j - a +1 trident of flaming
 C - a -2 demon trident
 D - a +2 trident of pain (weapon)
Missiles
 d - 3 throwing nets (quivered)
 f - a javelin
 y - 20 poisoned darts
Armour
 b - a +1 leather armour
 c - a +0 helmet
 e - a +3 scale mail of fire resistance (worn)
 h - a +0 pair of gloves (worn)
 s - a +0 cloak (worn)
Jewellery
 l - an amulet of magic regeneration (around neck)
 v - a ring of wizardry (left hand)
 w - a ring of fire
Wands
 k - a wand of paralysis (6)
Scrolls
 p - a scroll of vulnerability
 t - a scroll of enchant armour
 E - a scroll of teleportation
Potions
 i - 3 potions of haste
 m - a potion of flight
 n - 2 potions of heal wounds
 o - 2 potions of magic
 q - a potion of curing
 r - a potion of mutation
 u - a potion of lignification
 z - a potion of cancellation
 B - a potion of resistance {unknown}


   Skills:
 - Level 4.0 Fighting
 - Level 2.6 Short Blades
 - Level 9.3 Polearms
 - Level 1.7 Throwing
 + Level 2.2 Armour
 - Level 2.6 Dodging
 - Level 5.0 Spellcasting
 - Level 3.6 Summonings
 - Level 9.9 Necromancy


You had 13 spell levels left.
You knew the following spells:

 Your Spells              Type           Power      Damage    Failure   Level
a - Summon Small Mammal   Summ           36%        N/A       6%          1
b - Animate Dead          Necr           22%        N/A       4%          4

Your spell library contained the following spells:

 Spells                   Type           Power      Damage    Failure   Level
 Necrotise                Necr           88%        1d8       1%          1
 Vampiric Draining        Necr           22%        2d7       1%          3
 Cigotuvi's Dreadful Rot  Necr/Pois/Air  18%        N/A       12%         2
 Apportation              Tloc           4%         N/A       28%         1
 Beastly Appendage        Tmut           4%         N/A       28%         1
 Scorch                   Fire           4%         2d5       38%         2
 Wereblood                Tmut           2%         N/A       38%         2
 Spider Form              Tmut/Pois      2%         N/A       61%         3
 Flame Wave               Conj/Fire      2%         2d4       94%         4
 Summon Cactus Giant      Summ           4%         N/A       100%        6


Dungeon Overview and Level Annotations

Branches:
Dungeon (6/15)             Temple (1/1) D:4           Sewer (visited)

Altars:
Ashenzari
Cheibriados
Dithmenos
Gozag
Hepliaklqana
Kikubaaqudgha
Nemelex Xobeh
Okawaru
Qazlal
Sif Muna
Trog
Vehumet
Xom

Shops:
D:1 (   D:6 *


Innate Abilities, Weirdness & Mutations

You have a pair of antennae on your head.
You are mostly covered in slimy green scales. (AC +3)
A demonic guardian rushes to your aid.
You may rarely emit foul miasma when damaged in melee.
You have large cloven feet.


Message History

Your hellwing closely misses something.
Your hellwing hits something!
Unknown command.
You puncture the orc priest!
You kill the orc priest!
Kikubaaqudgha accepts your kill.
The dead are walking!
A wyvern zombie comes into view.
Kikubaaqudgha accepts your kill.
Reactivating autopickup.
You feel a bit more experienced.
The dead are walking!
Something hits you but does no damage.
Deactivating autopickup; reactivate with Ctrl-A.
You closely miss something. Something hits you.
* * * LOW HITPOINT WARNING * * *
Unknown command.
You miss something.
The wyvern zombie bites you but does no damage.
Something hits you but does no damage.
Unknown command.
You barely miss something. You kick something.
The wyvern zombie barely misses you. Something hits you but does no damage.
Your orc priest zombie hits the wyvern zombie but does no damage.
Unknown command.
You closely miss something. The wyvern zombie barely misses you.
Unknown command.
You hit something. Your kick misses something.
The wyvern zombie barely misses you. Something hits you.
* * * LOW HITPOINT WARNING * * *
Your orc priest zombie barely misses the wyvern zombie.
Unknown command.
You barely miss something. Your kick misses something.
The wyvern zombie bites you but does no damage.
Something hits you but does no damage. The wyvern zombie bites you!
* * * LOW HITPOINT WARNING * * *
Your orc priest zombie hits the wyvern zombie.
Unknown command.
The wyvern zombie attacks as you move away!
The wyvern zombie bites you.
You die...
Kikubaaqudgha rasps: "You have failed me!
Welcome... death!"

###.#.. ... #
#........... .##
#...)...... ...#
#..........♣.♣.#
#.........♣...♣
#.......♣.Z..♣
#....$.Z♣Z.♣ ..
#......{@♣♣ ##.###
#.......Z4♣ #.....#
#........♣♣ #.....#
#......♣..♣ #.....#
#.......♣..♣
#.....###...^....♣..♣
#..................♣♣
..............######
#.............#


You could see a wyvern zombie, a friendly hellwing (summoned), a friendly orc
zombie, a friendly orc priest zombie and a friendly orc wizard zombie.

Vanquished Creatures
  Sigmund (D:3)
  A water moccasin (D:6)
  A black bear (D:6)
  A hornet zombie (D:6)
  A sky beast (D:5)
  2 kobold brigands (Sewer)
  A phantom (D:6)
  A scorpion (D:6)
  A bullfrog zombie (D:6)
  A centaur zombie (D:6)
  3 hounds
  A jelly (D:6)
  An orc priest (D:6)
  Crazy Yiuf (D:2)
  A sleepcap (D:6)
  Ijyb (D:3)
  Terence (D:3)
  6 iguanas
  2 orc wizards (D:6)
  A killer bee zombie (D:6)
  9 adders
  2 river rats (D:5)
  5 worms
  A dart slug (D:1)
  11 orcs
  9 ball pythons
  11 endoplasms
  2 giant cockroaches
  5 goblins
  5 hobgoblins
  2 jackals (D:2)
  12 kobolds
  6 quokkas
  5 bats
  5 rats
119 creatures vanquished.

Vanquished Creatures (collateral kills)
  A hornet zombie (D:6)
  2 kobolds (Sewer)
3 creatures vanquished.

Vanquished Creatures (others)
  A fungus (D:2)
1 creature vanquished.

Grand Total: 123 creatures vanquished

Notes
Turn   | Place    | Note
-------+----------+-------------------------------------------
     0 | D:1      | Newt the Demonspawn Gladiator began the quest for the Orb.
     0 | D:1      | Reached XP level 1. HP: 16/16 MP: 1/1
   349 | D:1      | Found Jury's Antique Weapon Emporium.
   415 | D:1      | Gained mutation: You have a pair of small antennae on your
                  | head. [demonic ancestry]
   415 | D:1      | Reached XP level 2. HP: 23/23 MP: 2/2
   702 | D:1      | Found a faded altar of an unknown god.
   890 | D:2      | Reached XP level 3. HP: 18/29 MP: 3/3
  1387 | D:2      | Found a runed translucent door.
  1388 | D:2      | Noticed Crazy Yiuf
  1658 | D:2      | Killed Crazy Yiuf
  1659 | D:2      | Reached skill level 1 in Polearms
  1659 | D:2      | Gained mutation: You may rarely emit foul miasma when
                  | damaged in melee. [demonic ancestry]
  1659 | D:2      | Reached XP level 4. HP: 37/37 MP: 4/4
  2119 | D:3      | Noticed Terence
  2128 | D:3      | Killed Terence
  2129 | D:3      | Found an opulent altar of Gozag.
  2132 | D:3      | Noticed Sigmund
  2171 | D:3      | HP: 1/37 [something/puff of flame (4)]
  2189 | D:3      | Killed Sigmund
  2190 | D:3      | Reached XP level 5. HP: 25/42 MP: 5/5
  2190 | D:3      | Gained mutation: A weak demonic guardian rushes to your
                  | aid. [demonic ancestry]
  2190 | D:3      | Reached XP level 6. HP: 29/48 MP: 6/6
  2287 | D:3      | Found a stormy altar of Qazlal.
  2337 | D:3      | Found a sparkling altar of Nemelex Xobeh.
  2366 | D:3      | Identified the +5 rapier of Okawaru's Benevolence {chaos,
                  | Dex+4}
  2418 | D:3      | Noticed Ijyb
  2430 | D:3      | Killed Ijyb
  2717 | D:3      | Learned a level 1 spell: Summon Small Mammal
  3219 | D:4      | Found a shadowy altar of Dithmenos.
  3219 | D:4      | Noticed a shadow
  3244 | D:4      | Reached skill level 5 in Polearms
  3310 | D:4      | Found a staircase to the Ecumenical Temple.
  3322 | Temple   | Entered the Ecumenical Temple
  3340 | Temple   | Became a worshipper of Kikubaaqudgha
  3424 | D:4      | Reached skill level 1 in Summonings
  3551 | D:4      | Found an iron altar of Okawaru.
  3739 | D:4      | Found a hazy altar of Hepliaklqana.
  3876 | D:5      | Entered Level 5 of the Dungeon
  3904 | D:5      | Found a broken altar of Ashenzari.
  3986 | D:5      | Gained mutation: A demonic guardian rushes to your aid.
                  | [demonic ancestry]
  3986 | D:5      | Reached XP level 7. HP: 54/54 MP: 7/7
  3992 | D:5      | Found a glowing drain.
  3996 | Sewer    | Entered a sewer
  4170 | Sewer    | Reached * piety under Kikubaaqudgha
  4170 | Sewer    | Received a gift from Kikubaaqudgha
  4241 | Sewer    | Reached skill level 1 in Spellcasting
  4373 | D:5      | Gained mutation: You are clumsy. (Dex -2) [potion of
                  | mutation]
  4373 | D:5      | Gained mutation: You expend magic power (3 MP) to
                  | strengthen your wands. [potion of mutation]
  4374 | D:5      | Lost mutation: You expend magic power (3 MP) to strengthen
                  | your wands. [potion of mutation]
  4374 | D:5      | Lost mutation: You are clumsy. (Dex -2) [potion of
                  | mutation]
  4374 | D:5      | Gained mutation: You expend magic power (3 MP) to
                  | strengthen your wands. [potion of mutation]
  4374 | D:5      | Gained mutation: You have a somewhat thin skeletal
                  | structure. (Dex +2, Stealth+) [potion of mutation]
  4558 | D:5      | Lost mutation: You have a somewhat thin skeletal structure.
                  | (Dex +2, Stealth+) [potion of mutation]
  4558 | D:5      | Lost mutation: You expend magic power (3 MP) to strengthen
                  | your wands. [potion of mutation]
  4558 | D:5      | Gained mutation: You have large cloven feet. [potion of
                  | mutation]
  4558 | D:5      | Gained mutation: You have a pair of antennae on your head.
                  | [potion of mutation]
  5130 | D:6      | Found Luupussaowk's Lightly-Used Armoury.
  5136 | D:6      | Bought a -2 demon trident for 70 gold pieces
  5195 | D:6      | Gained mutation: You are partially covered in slimy green
                  | scales. (AC +2) [demonic ancestry]
  5195 | D:6      | Reached XP level 8. HP: 43/60 MP: 12/14
  5284 | D:6      | Found a snail-covered altar of Cheibriados.
  5309 | D:6      | Reached skill level 5 in Spellcasting
  5309 | D:6      | Reached skill level 1 in Necromancy
  5728 | D:6      | Gained mutation: You are mostly covered in slimy green
                  | scales. (AC +3) [demonic ancestry]
  5728 | D:6      | Reached XP level 9. HP: 65/65 MP: 16/16
  5788 | D:6      | Learned a level 4 spell: Animate Dead
  5943 | D:6      | Reached skill level 1 in Armour
  6045 | D:6      | Slain by a wyvern zombie

Illustrated notes

Levels and vault maps discovered:
D:1:      amcnicky_arrival_blooded_trapdoor, layout_rooms,
          ebering_ecumenical_altar_abandoned, serial_shops, nicolae_shop_stone
D:2:      layout_loops_cross, kennysheep_flooded_box, uniq_crazy_yiuf_cottage
D:3:      layout_basic, nicolae_overflow_squiral, nemelex_altar_shiori,
          dk_noncrumbling_3, uniq_ijyb, uniq_sigmund, uniq_terence
D:4:      layout_basic, riverfiend_overflow_shadow_ancestor, lemuel_tele_altar,
          temple_pool_b
D:5:      layout_gridville, nicolae_ashenzari_panopticon, gup_sewer_entry_bowl
D:6:      layout_basic, kennysheep_mini, mainiacjoe_overflow_cross_hatched,
          nicolae_yredelemnul_corpse_copse, nicolae_uskayaw_dance_studio,
          minmay_shop_damaged
Temple:   nicolae_temple_stand_before_the_council

Skill      XL: |  1  2  3  4  5  6  7  8  9 |
---------------+----------------------------+-----
Fighting       | 3 4 |  4.0
Polearms       | 1 4 5 9 |  9.3
Summonings     | 2 3 |  3.6
Spellcasting   | 4 5 |  5.0
Necromancy     | 9 |  9.9
Armour         | 2 |  2.2
Short Blades   | |  2.6
Throwing       | |  1.7
Dodging        | |  2.6

Action                     |  1- 3 |  4- 6 |  7- 9 || total
---------------------------+-------+-------+-------++-------
  Melee: Rapier            |    65 |       |       ||    65
         Trident           |    35 |   156 |   186 ||   377
         Punch             |       |     2 |     1 ||     3
         Kick              |       |       |    33 ||    33
  Throw: Throwing net      |     2 |       |       ||     2
         Javelin           |       |     1 |       ||     1
   Cast: Summon Small Mamm |       |       |     3 ||     3
         Animate Dead      |       |       |     2 ||     2
    Use: Scroll            |     2 |    10 |     3 ||    15
         Potion            |       |     3 |     4 ||     7
   Stab: Held in net/web   |     1 |       |       ||     1
         Sleeping          |     1 |     1 |       ||     2
 Armour: Leather armour    |    25 |     5 |       ||    30
         Scale mail        |       |    60 |   103 ||   163
  Dodge: Dodged            |    65 |    57 |   105 ||   227

Table legend: (Time is in decaauts)
 A = Elapsed time spent in this place.
 B = Non-inter-level travel time spent in this place.
 C = Inter-level travel time spent in this place.
 D = Time resting spent in this place.
 E = Time spent auto-exploring this place.
 F = Levels seen in this place.
 G = Mean time per level.
                   A        B        C        D        E       F      G
               +--------+--------+--------+--------+--------+-----+--------+
         Total |   6101 |   5956 |    145 |    823 |   4118 |   8 |  762.6 |
       Dungeon |   5684 |   5551 |    133 |    823 |   3834 |   6 |  947.3 |
        Temple |     30 |     18 |     12 |      0 |     11 |   1 |   30.0 |
         Sewer |    387 |    387 |      0 |      0 |    273 |   1 |  387.0 |
               +--------+--------+--------+--------+--------+-----+--------+

Top non-repeatable levels by time:
     D:3: 1148 daAuts
     D:4: 1001 daAuts
     D:6: 908 daAuts
     D:5: 900 daAuts
     D:1: 878 daAuts
     D:2: 846 daAuts
   Sewer: 387 daAuts
  Temple: 30 daAuts
